 Dungeon Crawl Stone Soup version 0.31.0-9-g3a7656b989 (console) character file.

Game seed: 14291520452763574242

1599 AlterAsc the Cleaver (level 9, -1/64 HPs)
             Began as a Formicid Fighter on Jan 28, 2024.
             Was an Initiate of Okawaru.
             Shot with an arrow by a centaur (7 damage)
             ... on level 8 of the Dungeon.
             The game lasted 00:10:30 (5122 turns).

AlterAsc the Cleaver (Formicid Fighter)             Turns: 5122, Time: 00:10:30

Health: -1/64      AC:  4    Str: 25    XL:     9   Next: 15%
Magic:  10/10      EV:  6    Int:  8    God:    Okawaru [......]
Gold:   435        SH:  5    Dex: 13    Spells: 8/8 levels left

rFire   + . .        p - +0 war axe (freeze)
rCold   . . .        c - +0 buckler
rNeg    . . .        l - +0 plate armour
rPois   .            (helmet unavailable)
rElec   .            (no cloak)
rCorr   .            t - +0 pair of gloves
SInv    +            (no boots)
Will    .....        (no amulet) Stlth
                     B - ring of protection from fire
HPRegen 0.30/turn    (no ring)
MPRegen 0.12/turn

%: no passive effects
@: corroded
A: permanent stasis, dig shafts and tunnels, antennae 3, four strong arms
a: Dig, Shaft Self, Renounce Religion


You were on level 8 of the Dungeon.
You worshipped Okawaru.
Okawaru was noncommittal.
You visited 2 branches of the dungeon, and saw 9 of its levels.

You collected 435 gold pieces.

Inventory:

Hand Weapons
 a - a +0 war axe
 p - a +0 war axe of freezing (weapon)
 w - a +0 club
 x - a +0 halberd
 H - a +2 heavy war axe
Missiles
 n - 2 javelins (quivered)
 v - 2 throwing nets
 G - 6 poisoned darts
Armour
 b - a +0 scale mail
 c - a +0 buckler (worn)
 l - a +0 plate armour (worn)
 t - a +0 pair of gloves (worn)
Jewellery
 y - a ring of wizardry
 z - a ring of protection from fire
 B - a ring of protection from fire (left hand)
Wands
 A - a wand of light (5)
Scrolls
 f - 2 scrolls of noise
 g - 6 scrolls of teleportation
 h - a scroll of revelation {unknown}
 j - 2 scrolls of fog {unknown}
 q - a scroll of amnesia {unknown}
 r - a scroll of torment {unknown}
 s - 2 scrolls of enchant armour {unknown}
 C - a scroll of immolation {unknown}
 D - a scroll of poison {unknown}
 F - a scroll of vulnerability {unknown}
Potions
 d - a potion of might
 e - a potion of resistance
 i - a potion of curing
 k - a potion of enlightenment
 m - 4 potions of lignification
 o - 3 potions of attraction
 u - 3 potions of mutation
 E - a potion of cancellation {unknown}


   Skills:
 - Level 3.2 Fighting
 + Level 11.0 Axes
 - Level 3.2 Armour
 - Level 4.0 Shields
 + Level 1.3 Invocations


You had 8 spell levels left.
You didn't know any spells.
Your spell library contained the following spells:

 Spells                   Type           Power      Damage    Failure   Level
 Freeze                   Ice            0%         1d3       100%        1
 Frozen Ramparts          Ice            0%         1d1       100%        3
 Hailstorm                Conj/Ice       0%         3d5       100%        3
 Anguish                  Hex/Necr       0%         N/A       100%        4
 Cause Fear               Hex            0%         N/A       100%        4
 Alistair's Intoxication  Alch           0%         N/A       100%        5
 Arcjolt                  Conj/Air       0%         1d10      100%        5
 Borgnjor's Vile Clutch   Necr/Erth      0%         N/A       100%        5
 Eringya's Noxious Bog    Alch           0%         4d6       100%        6
 Enfeeble                 Hex            0%         N/A       100%        7
 Maxwell's Capacitive Co  Air            0%         ∞         100%        8
 Vhi's Electric Charge    Tloc/Air       Unusable   N/A       N/A         4

Dungeon Overview and Level Annotations

Branches:
Dungeon (8/15)             Temple (1/1) D:7
   Lair: D:8-11

Altars:
Ashenzari
Cheibriados
Dithmenos
Elyvilon
Fedhas
Gozag
Kikubaaqudgha
Makhleb
Nemelex Xobeh
Okawaru
Qazlal
Ru
Sif Muna
Trog
Uskayaw
Vehumet
Wu Jian
Xom
Yredelemnul
Zin
The Shining One

Shops:
D:1 [   D:5 :

Annotations:
D:3 Pargi


Innate Abilities, Weirdness & Mutations

You cannot be hasted, slowed, berserked, paralysed or teleported.
You can dig through walls and to a lower floor.
You have a pair of large antennae on your head. (SInv)
Your four strong arms can wield two-handed weapons with a shield.


Message History

There is an open door here.
There is an open door here.
There is a stone staircase leading down here.
You climb downwards.
Found a runed war axe.
There is a stone staircase leading up here.
You see here a +2 heavy war axe.
H - a +2 heavy war axe Your movement speed is average.
Your attack delay is about 0.9.
Your damage rating with your +0 war axe of freezing is about 19 (Base 11 x 137% (Str) x 128% (Skill)).
You pick up a book of Hexes and begin reading...
You add the spells Anguish, Cause Fear and Enfeeble to your library.
Found a chain mail.
s - 2 scrolls labelled ENEOKIOFIOMM (gained 1)
You sense a monster nearby.
An ice beast, a kobold brigand and a centaur come into view.
The kobold brigand is wielding a +0 club and quivering poisoned darts.
The kobold brigand shouts!
An acid dragon comes into view.
The centaur wields a +0 shortbow.
The centaur shoots an arrow.
The arrow hits you. The acid dragon spits acid at you.
The splash of acid hits you! The acid corrodes you!
The kobold brigand throws a poisoned dart.
The poisoned dart hits you!
You are poisoned.
You feel sick.
You feel sick.
You feel sick.
The centaur shoots an arrow.
The arrow hits you!
You feel sick.
You feel sick.
You feel sick. The acid dragon spits acid at you. The splash of acid hits you!
* * * LOW HITPOINT WARNING * * *
The acid corrodes you!
The centaur shoots an arrow.
The arrow hits you!
* * * LOW HITPOINT WARNING * * *
You feel sick.
You are no longer poisoned.
The centaur shoots an arrow.
The arrow barely misses you.
The centaur shoots an arrow.
The arrow hits you!
You die...

#.###.####.##.# #......#
............#.#####......#
##.###{##...............###
...Y.K{.{K...#####..........
.#.##.#.##c..# #.......# {
.....##...# #.......#
{{#.#.D....# #.......#
..{D..#.##...#####.##.######
.c..#...##.........#.......#
#.#.#.#.##..#...........##.#
. #........@....###.##.#
#.##..#...###.# #.##.# ..
#......# #.###.##.#.# .
#.##...# #..........# #.
#.#.# ###......### .
#.#.#####.######
..#.......## #########...#
#...# #...# #.<.#


You could see an acid dragon (catching breath), a kobold brigand and a centaur.

Vanquished Creatures
  A black bear (D:5)
  2 ice beasts
  An ogre (D:6)
  A centaur (D:6)
  2 phantoms
  A kobold brigand (D:7)
  4 scorpions
  2 orc priests (D:7)
  3 bombardier beetles
  A gnoll bouda (D:7)
  3 iguanas (D:5)
  4 orc wizards
  12 gnolls
  9 adders
  A white imp (D:4)
  2 ufetubi (D:5)
  5 ribbon worms
  5 dart slugs
  16 orcs
  11 endoplasms
  3 giant cockroaches
  9 goblins
  8 hobgoblins
  11 kobolds
  4 quokkas
  5 ball pythons
  5 bats
  6 frilled lizards
  6 rats
143 creatures vanquished.

Notes
Turn   | Place    | Note
-------+----------+-------------------------------------------
     0 | D:1      | AlterAsc the Formicid Fighter began the quest for the Orb.
     0 | D:1      | Reached XP level 1. HP: 18/18 MP: 1/1
    59 | D:1      | Reached XP level 2. HP: 20/24 MP: 2/2
   143 | D:1      | Reached skill level 3 in Axes
   199 | D:1      | Reached XP level 3. HP: 29/29 MP: 3/3
   303 | D:1      | Found Jodigy Vousch's Antique Armour Shoppe.
   692 | D:2      | Reached skill level 4 in Axes
   692 | D:2      | Reached XP level 4. HP: 31/35 MP: 4/4
   755 | D:2      | Found a snail-covered altar of Cheibriados.
  1103 | D:2      | Reached XP level 5. HP: 40/41 MP: 5/5
  1220 | D:3      | Found a broken altar of Ashenzari.
  1463 | D:3      | Found a faded altar of an unknown god.
  1475 | D:3      | Reached skill level 5 in Axes
  1536 | D:3      | Noticed Pargi
  1672 | D:3      | Reached XP level 6. HP: 34/47 MP: 6/6
  1755 | D:3      | Found a glowing golden altar of the Shining One.
  1831 | D:3      | Reached skill level 6 in Axes
  2461 | D:4      | Reached skill level 7 in Axes
  2461 | D:4      | Reached XP level 7. HP: 42/52 MP: 7/7
  2720 | D:5      | Entered Level 5 of the Dungeon
  2812 | D:5      | Reached skill level 8 in Axes
  2843 | D:5      | Reached XP level 8. HP: 51/58 MP: 8/8
  2988 | D:5      | Reached skill level 9 in Axes
  3475 | D:5      | Identified the +0 leather armour of Sayseiss {Dex+3}
  3503 | D:5      | Found Zocvoeloll's Tiny Tomes.
  3641 | D:6      | Reached skill level 10 in Axes
  4357 | D:7      | Reached XP level 9. HP: 48/64 MP: 9/9
  4539 | D:7      | Found a staircase to the Ecumenical Temple.
  4549 | Temple   | Entered the Ecumenical Temple
  4568 | Temple   | Became a worshipper of Warmaster Okawaru
  4747 | D:7      | Found a shadowy altar of Dithmenos.
  4860 | D:7      | Found a glowing silver altar of Zin.
  4861 | D:7      | Found a snail-covered altar of Cheibriados.
  5001 | D:7      | Reached skill level 11 in Axes
  5001 | D:7      | Reached skill level 1 in Invocations
  5122 | D:8      | Shot with an arrow by a centaur

Illustrated notes

Levels and vault maps discovered:
D:1:      spicycebolla_arrival_clurvy, layout_basic, serial_shops,
          nicolae_shop_dealshenge, kennysheep_doodads
D:2:      layout_rooms, basic_altar, minmay_misc_feat_doors
D:3:      layout_basic, ashenzari_conservatory_becter,
          nicolae_tso_swordbearing_angel, hellmonk_ecumenical_altar_run_dry,
          uniq_pargi
D:4:      layout_basic
D:5:      layout_basic, nicolae_shop_i_like_small_books_too,
          minmay_misc_feat_rows
D:6:      layout_basic, serial_glass, glass_columns_a, glass_columns_a,
          due_unseen_surprise, minmay_strange_pillars, feat_on_display,
          feat_on_display, minivault_11
D:7:      layout_gridville, mainiacjoe_overflow_divided_tiny,
          lemuel_round_altar, temple_green
D:8:      kennysheep_windowed_halls, layout_loops_cross,
          lemuel_coloured_pillars_altar, minmay_diced_spiral
Temple:   nicolae_temple_slightly_damp_pantheon

Skill      XL: |  1  2  3  4  5  6  7  8  9 |
---------------+----------------------------+-----
Axes           | 3 4 5 7 8 10 11 | 11.0
Invocations    | 1 |  1.3
Fighting       | |  3.2
Armour         | |  3.2
Shields        | |  4.0

Action                     |  1- 3 |  4- 6 |  7- 9 || total
---------------------------+-------+-------+-------++-------
  Melee: War axe           |    81 |   148 |   138 ||   367
  Throw: Javelin           |       |       |     1 ||     1
Ability: Dig               |       |     1 |       ||     1
    Use: Scroll            |       |     5 |     4 ||     9
 Armour: Scale mail        |    47 |       |       ||    47
         Plate armour      |    11 |   122 |   129 ||   262
  Dodge: Dodged            |    32 |    46 |    44 ||   122
  Block: Buckler           |    23 |    41 |    20 ||    84
